[Event "Titled Tuesday Blitz June 13 Early 2023"]
[White "Camilla_Lee"]
[Black "Maximov, Dmitry"]
[BlackFideId "14105659"]
[WhiteElo "2591"]
[BlackElo "2494"]
[Result "1/2-1/2"]
[Round "7"]
[TimeControl "180+2"]
[Date "2023.06.13"]
[WhiteClock "0:00:11"]
[BlackClock "0:00:15"]
[Board "48"]

1. e4 c5 2. Nf3 d6 3. d4 cxd4 4. Nxd4 Nf6 5. Nc3 a6 6. Bc4 Nbd7 7. f4 Qc7 8. Bb3 Nc5 9. Qf3 e6 10. O-O Be7 11. f5 e5 12. Nde2 Nxb3 13. axb3 h5 14. Bg5 Bd7 15. Bxf6 Bxf6 16. Nd5 Qd8 17. c4 Bg5 18. Nec3 Rc8 19. Rad1 Rh6 20. Qf2 h4 21. h3 Kf8 22. Rd3 Kg8 23. Rfd1 Bc6 24. Nb6 Rb8 25. c5 Be7 26. Ncd5 Bf8 27. f6 Bxd5 28. Nxd5 gxf6 29. Ne3 Rg6 30. cxd6 Qd7 31. Nf5 Rc8 32. Qxh4 Rc2 33. Rg3 Rxb2 34. Qxf6 Rxg3 35. Nxg3 Bg7 36. Qe7 Qc6 37. d7 Rxg2+ 38. Kxg2 Qc2+ 39. Ne2 Qxe2+ 40. Kg3 Qe3+ 41. Kg2 Qe2+ 42. Kg3 Qe3+ 43. Kg2 Qe2+ 1/2-1/2


[Site "https://www.chess.com"]

[Event "Titled Tuesday Blitz June 13 Early 2023"]
[White "Deng, Henry"]
[Black "Priasmoro, Novendra"]
[WhiteFideId "30965454"]
[BlackFideId "7105029"]
[WhiteElo "2581"]
[BlackElo "2412"]
[Result "0-1"]
[Round "7"]
[TimeControl "180+2"]
[Date "2023.06.13"]
[WhiteClock "0:01:00"]
[BlackClock "0:01:15"]
[Board "49"]

1. e4 c5 2. Nc3 Nc6 3. Bb5 Nd4 4. Nf3 Nxb5 5. Nxb5 g6 6. d4 a6 7. Nc3 Bg7 8. dxc5 Qa5 9. O-O Qxc5 10. Be3 Qa5 11. Nd5 Kf8 12. c3 d6 13. a4 Qd8 14. Bb6 Qd7 15. Bd4 Qc6 16. Bxg7+ Kxg7 17. Qd4+ e5 18. Qb4 a5 19. Qb5 Nf6 20. Nxf6 Kxf6 21. Rfd1 Rd8 22. Rd5 Be6 23. Qxc6 bxc6 24. Rd4 exd4 0-1


[Site "https://www.chess.com"]

[Event "Titled Tuesday Blitz June 13 Early 2023"]
[White "Starozhilov, Leonid"]
[Black "Budrewicz, Krzysztof"]
[WhiteFideId "14106752"]
[BlackFideId "1127950"]
[WhiteElo "2352"]
[BlackElo "2230"]
[Result "1/2-1/2"]
[Round "7"]
[TimeControl "180+2"]
[Date "2023.06.13"]
[WhiteClock "0:00:04"]
[BlackClock "0:00:22"]
[Board "50"]

1. e4 g6 2. d4 Bg7 3. c4 d6 4. Nc3 Nf6 5. h3 O-O 6. Be3 Nbd7 7. g4 e5 8. d5 Nc5 9. f3 a5 10. Nge2 c6 11. Ng3 cxd5 12. cxd5 h5 13. gxh5 Nxh5 14. Nxh5 Qh4+ 15. Kd2 Qxh5 16. Be2 Qh4 17. Qe1 Qd8 18. h4 f5 19. Qg1 Rf6 20. h5 f4 21. Bxc5 dxc5 22. hxg6 Qb6 23. Kc2 Bd7 24. Qh2 Rxg6 25. Bc4 Qb4 26. Qh7+ Kf7 27. Rag1 Rg3 28. b3 Rh8 29. d6+ Qxc4 30. Qxh8 Qxc3+ 31. Kxc3 Bxh8 32. Rh7+ Bg7 33. Rf1 b5 34. a4 bxa4 35. bxa4 Be6 36. Rb1 Rxf3+ 37. Kd2 c4 38. Rb7+ Kf6 39. Rhxg7 Rd3+ 40. Kc2 Rxd6 41. Rh7 f3 42. Rb8 Rd7 43. Rf8+ Bf7 44. Rh3 Ke7 45. Rxf7+ Kxf7 46. Rxf3+ Ke6 47. Rf8 Rd4 48. Ra8 Rxe4 49. Kc3 Re1 50. Rxa5 Rc1+ 51. Kd2 Ra1 52. Kc3 Kf5 53. Kxc4 Kf4 54. Ra8 e4 55. a5 e3 56. Rf8+ Kg3 57. Rg8+ Kf2 58. Rf8+ Ke1 59. Kb5 e2 60. Re8 Kd2 61. a6 Rb1+ 62. Kc6 Rc1+ 63. Kb6 Rc3 64. Rxe2+ Kxe2 65. a7 Rb3+ 66. Kc7 Ra3 67. Kb7 Rxa7+ 68. Kxa7 1/2-1/2


[Site "https://www.chess.com"]

[Event "Titled Tuesday Blitz June 13 Early 2023"]
[White "Postny, Evgeny"]
[Black "Skawinski, Arkadiusz"]
[WhiteFideId "2804344"]
[BlackFideId "1126415"]
[WhiteElo "2504"]
[BlackElo "2218"]
[Result "0-1"]
[Round "7"]
[TimeControl "180+2"]
[Date "2023.06.13"]
[WhiteClock "0:00:00"]
[BlackClock "0:00:31"]
[Board "51"]

1. e4 e6 2. d4 d5 3. Nc3 Bb4 4. exd5 exd5 5. Bd3 Nc6 6. Ne2 Nge7 7. O-O Bf5 8. Ng3 Bg6 9. f4 Bxd3 10. Qxd3 Qd6 11. Kh1 O-O-O 12. f5 f6 13. Bf4 Qd7 14. Nb5 Ba5 15. c3 a6 16. Na3 Rde8 17. Nc2 g5 18. Bd2 h5 19. b4 Bb6 20. Ne3 Nd8 21. a4 Nf7 22. b5 a5 23. Rad1 Nd6 24. Bc1 Kb8 25. Ba3 Nec8 26. Bc5 h4 27. Ne2 Ne4 28. Ba3 c6 29. bxc6 Qxc6 30. Rb1 Bc7 31. Ng4 Nb6 32. Bc5 Nxa4 33. Ng1 Naxc5 34. dxc5 Nxc5 35. Qd4 Be5 36. Qf2 Ne4 37. Qe3 Bxc3 38. Rbc1 d4 39. Qd3 Nc5 40. Qc4 Re4 41. h3 Qd6 42. Nxf6 Qxf6 43. Qxc5 g4 44. Rb1 gxh3 45. Nxh3 Re3 46. Rb6 Qe5 47. Qc6 Rh7 48. Rfb1 Re1+ 49. Rxe1 Qxe1+ 50. Ng1 h3 51. Qe8+ Ka7 0-1


[Site "https://www.chess.com"]

[Event "Titled Tuesday Blitz June 13 Early 2023"]
[White "Djordjevic, Vuk"]
[Black "Chos, Alexey"]
[WhiteFideId "902098"]
[BlackFideId "14117762"]
[WhiteElo "2463"]
[BlackElo "2234"]
[Result "1-0"]
[Round "7"]
[TimeControl "180+2"]
[Date "2023.06.13"]
[WhiteClock "0:00:17"]
[BlackClock "0:00:07"]
[Board "52"]

1. d4 Nf6 2. Bg5 g6 3. Bxf6 exf6 4. c4 Bg7 5. Nc3 O-O 6. e3 f5 7. g3 c5 8. Nge2 Nc6 9. Qd2 Bh6 10. dxc5 Ne5 11. Qd5 d6 12. cxd6 Re8 13. Nd4 Bg7 14. Rd1 Bd7 15. Bg2 Qb6 16. Qxb7 Qxb7 17. Bxb7 Rab8 18. Ba6 Rxb2 19. O-O Ng4 20. Bb5 Ne5 21. c5 Bxb5 22. Ncxb5 Rc2 23. Nxc2 a6 24. Nc7 Rb8 25. Nxa6 Ra8 26. Ncb4 Bf6 27. Rd5 Kf8 28. Rfd1 Ke8 29. d7+ Kd8 30. Rxe5 Bxe5 31. Nc6# 1-0


[Site "https://www.chess.com"]

[Event "Titled Tuesday Blitz June 13 Early 2023"]
[White "Safin, Robert"]
[Black "Quintiliano Pinto, Renato R."]
[WhiteFideId "34189120"]
[BlackFideId "2117568"]
[WhiteElo "2341"]
[BlackElo "2459"]
[Result "1/2-1/2"]
[Round "7"]
[TimeControl "180+2"]
[Date "2023.06.13"]
[WhiteClock "0:00:02"]
[BlackClock "0:00:09"]
[Board "53"]

1. e4 c5 2. c3 Nf6 3. e5 Nd5 4. Nf3 e6 5. d4 cxd4 6. cxd4 d6 7. Bc4 Nc6 8. O-O Be7 9. Bxd5 exd5 10. Nc3 Be6 11. Bf4 O-O 12. exd6 Bxd6 13. Bxd6 Qxd6 14. Re1 Rfe8 15. Ne5 Nxe5 16. Rxe5 f6 17. Re1 Bf7 18. Qd2 h6 19. Rxe8+ Rxe8 20. Re1 Rc8 21. h3 Rc4 22. b3 Rc8 23. Rc1 Qb4 24. Rc2 a5 25. Ne2 Qxd2 26. Rxd2 g5 27. Kf1 b5 28. Ke1 Bg6 29. Kd1 b4 30. Nc1 Rc3 31. Ne2 Rc6 32. Nc1 Rc3 33. Ne2 Rc7 34. Nc1 Be4 35. f3 Bg6 36. Nd3 Bxd3 37. Rxd3 Kf7 38. Re3 h5 39. Kd2 h4 40. f4 gxf4 41. Rf3 Ke6 42. Rxf4 Rg7 43. Rf2 Rg3 44. Ke2 f5 45. Kd2 Kf6 46. Ke2 Kg5 47. Kd2 f4 48. Ke2 Re3+ 49. Kd2 Rg3 50. Re2 Kf6 51. Rf2 Kf5 52. Re2 Kf6 53. Rf2 Kg5 1/2-1/2


[Site "https://www.chess.com"]

[Event "Titled Tuesday Blitz June 13 Early 2023"]
[White "Toncheva, Nadya"]
[Black "Wagner, Dennis"]
[WhiteFideId "2924056"]
[BlackFideId "24650684"]
[WhiteElo "2101"]
[BlackElo "2478"]
[Result "0-1"]
[Round "7"]
[TimeControl "180+2"]
[Date "2023.06.13"]
[WhiteClock "0:00:07"]
[BlackClock "0:00:10"]
[Board "54"]

1. d4 d5 2. c4 e6 3. Nc3 c5 4. cxd5 exd5 5. Nf3 Nf6 6. g3 Nc6 7. Bg5 cxd4 8. Nxd4 h6 9. Bf4 Bc5 10. Nxc6 bxc6 11. Bg2 O-O 12. O-O Re8 13. Rc1 Bb6 14. Na4 Ba6 15. Bf3 g5 16. Nxb6 axb6 17. Be3 c5 18. Re1 Ra7 19. Rc2 d4 20. Bc1 Rd7 21. Bc6 Bb7 22. Bxb7 Rxb7 23. Qd3 Qd5 24. b3 Ne4 25. Bb2 Rbe7 26. Rd1 g4 27. e3 Ng5 28. Rcc1 Nh3+ 29. Kf1 Qf3 30. Rc2 Rxe3 0-1


[Site "https://www.chess.com"]

[Event "Titled Tuesday Blitz June 13 Early 2023"]
[White "Ginzburg, Yakov"]
[Black "Martinez Ramirez, Lennis"]
[WhiteFideId "4157176"]
[BlackFideId "3509079"]
[WhiteElo "2305"]
[BlackElo "2410"]
[Result "0-1"]
[Round "7"]
[TimeControl "180+2"]
[Date "2023.06.13"]
[WhiteClock "0:00:01"]
[BlackClock "0:00:55"]
[Board "55"]

1. d4 Nf6 2. Nf3 e6 3. g3 b6 4. Bg2 Bb7 5. O-O Be7 6. c4 O-O 7. Nc3 Ne4 8. Qc2 Nxc3 9. Qxc3 Be4 10. Ne1 Bxg2 11. Nxg2 Bf6 12. e4 c5 13. e5 Be7 14. d5 d6 15. dxe6 Nc6 16. Nf4 dxe5 17. exf7+ Rxf7 18. Nd5 Nd4 19. Qd3 Bg5 20. Qe4 Bxc1 21. Raxc1 Nf3+ 22. Kg2 Nd2 23. Qxe5 Qf8 24. f4 Re8 25. Qc3 Nxf1 26. Rxf1 Re2+ 27. Rf2 Qe8 28. Qf3 Re1 29. h4 h6 30. h5 Qe6 31. g4 b5 32. b3 bxc4 33. bxc4 Rb7 34. Nf6+ gxf6 35. Qxb7 Qxg4+ 36. Kh2 Qh4+ 37. Kg2 Qh1+ 38. Kg3 Qxb7 0-1


[Site "https://www.chess.com"]

[Event "Titled Tuesday Blitz June 13 Early 2023"]
[White "cristianserban1"]
[Black "Maatman, Nick"]
[BlackFideId "1040391"]
[WhiteElo "2523"]
[BlackElo "2716"]
[Result "0-1"]
[Round "7"]
[TimeControl "180+2"]
[Date "2023.06.13"]
[WhiteClock "0:00:02"]
[BlackClock "0:00:12"]
[Board "56"]

1. d4 Nf6 2. Bf4 g6 3. Nc3 d5 4. e3 Bg7 5. Nf3 O-O 6. Nb5 Na6 7. h3 c6 8. Nc3 Bf5 9. Bd3 Bxd3 10. Qxd3 c5 11. O-O c4 12. Qe2 Nc7 13. a4 Na6 14. e4 dxe4 15. Nxe4 Nd5 16. Be5 f6 17. Bg3 Rc8 18. c3 Qd7 19. Rfe1 Rfe8 20. Ned2 Qc6 21. Qe6+ Qxe6 22. Rxe6 Kf7 23. Re2 Rc6 24. Rae1 Nac7 25. Ne4 Ne6 26. h4 h5 27. Nfd2 Bh6 28. Rb1 Nef4 29. Ree1 Nd3 30. Red1 a6 31. Nxc4 Nxf2 32. Bxf2 Rxc4 33. b3 Rxc3 34. Nxc3 Nxc3 35. Ra1 Nxd1 36. Rxd1 Rc8 37. d5 Bf4 38. b4 Bd6 39. b5 Rc4 40. bxa6 bxa6 41. Ra1 Rc2 42. a5 Rd2 43. Bb6 Rxd5 44. Rc1 Be5 45. Rc6 Bd6 46. Bd8 Bc5+ 47. Kh2 Rxd8 48. Rxc5 Rd6 49. g3 Ke6 50. Kg2 Rd5 51. Rc6+ Rd6 52. Rc5 Kd7 53. Kf3 e6 54. Ke4 Rc6 0-1


[Site "https://www.chess.com"]

[Event "Titled Tuesday Blitz June 13 Early 2023"]
[White "Akylbek2021"]
[Black "Pulpan, Jakub"]
[BlackFideId "302759"]
[WhiteElo "2517"]
[BlackElo "2484"]
[Result "0-1"]
[Round "7"]
[TimeControl "180+2"]
[Date "2023.06.13"]
[WhiteClock "0:00:18"]
[BlackClock "0:00:05"]
[Board "57"]

1. e4 e5 2. Nf3 Nc6 3. d4 exd4 4. Nxd4 Bb4+ 5. Nc3 Bxc3+ 6. bxc3 Nf6 7. Nxc6 bxc6 8. Bd3 d5 9. exd5 O-O 10. O-O cxd5 11. h3 h6 12. Be3 Be6 13. Rb1 Qd6 14. Qd2 Ne4 15. Bxe4 dxe4 16. Qxd6 cxd6 17. Rfd1 Bxa2 18. Ra1 Be6 19. Rxd6 a5 20. c4 a4 21. Rc6 Rfb8 22. Ra3 Rb4 23. c5 Rc4 24. c3 Bd7 25. Rb6 Rc8 26. Bd4 R8xc5 27. Bxc5 Rxc5 28. Rb4 f5 29. Rd4 Be8 30. g4 g6 31. gxf5 gxf5 32. Kh2 Kf7 33. Kg3 Ke6 34. Kf4 Rc7 35. Rb4 Kd5 36. Rb5+ Bxb5 37. c4+ Kxc4 38. Kxf5 Kb4 39. Ra1 Bd3 40. Kf4 Rc2 41. Ke3 Re2+ 42. Kd4 Rxf2 0-1


[Site "https://www.chess.com"]

[Event "Titled Tuesday Blitz June 13 Early 2023"]
[White "Skvortsov, Andrei"]
[Black "Jovic, Stanoje"]
[WhiteFideId "24108600"]
[BlackFideId "905020"]
[WhiteElo "2259"]
[BlackElo "2236"]
[Result "0-1"]
[Round "7"]
[TimeControl "180+2"]
[Date "2023.06.13"]
[WhiteClock "0:00:00"]
[BlackClock "0:00:05"]
[Board "58"]

1. e4 c6 2. e5 d5 3. exd6 e5 4. d4 e4 5. Nc3 Nf6 6. Bg5 Bf5 7. Qe2 Bxd6 8. f3 Bb4 9. fxe4 O-O 10. O-O-O Bg4 11. Nf3 Bxc3 12. bxc3 Qa5 13. Bxf6 gxf6 14. Qc4 Be6 15. d5 cxd5 16. exd5 Rc8 17. Qb4 Qxb4 18. cxb4 Bf5 19. Nd4 Bg6 20. h4 h5 21. Bd3 Nd7 22. Bxg6 fxg6 23. Rhf1 Rc4 24. a3 a5 25. b5 a4 26. Rfe1 Rac8 27. Re7 Nc5 28. Kb2 b6 29. g3 Kf8 30. Re3 Nd7 31. Nc6 Ne5 32. Rc3 Rg4 33. Nxe5 Rxc3 34. Nxg4 Rf3 35. Nh2 Rxg3 36. d6 Ke8 0-1


[Site "https://www.chess.com"]

[Event "Titled Tuesday Blitz June 13 Early 2023"]
[White "GMFYHR1"]
[Black "Maevsky, Nikolay"]
[BlackFideId "4198220"]
[WhiteElo "2475"]
[BlackElo "2021"]
[Result "1/2-1/2"]
[Round "7"]
[TimeControl "180+2"]
[Date "2023.06.13"]
[WhiteClock "0:00:56"]
[BlackClock "0:00:31"]
[Board "59"]

1. e4 c6 2. d4 d5 3. e5 Bf5 4. Nf3 e6 5. Be2 Bb4+ 6. c3 Ba5 7. Nbd2 Nd7 8. O-O f6 9. Re1 fxe5 10. dxe5 Bc7 11. Nb3 Ne7 12. Nbd4 O-O 13. Bd3 Nc5 14. Bxf5 Nxf5 15. b4 Nxd4 16. Nxd4 Ne4 17. Nxe6 Qe7 18. Nxf8 Qxe5 19. g3 Rxf8 20. Bf4 Rxf4 21. gxf4 Qxf4 22. Rxe4 Qxh2+ 23. Kf1 Qh1+ 24. Ke2 Qxe4+ 25. Kf1 Qc4+ 26. Qe2 Qxe2+ 27. Kxe2 Be5 28. Kd3 Kf7 29. Re1 Kf6 30. a4 h5 31. Rh1 g6 32. c4 dxc4+ 33. Kxc4 Bc7 34. Rd1 Ke6 35. a5 h4 1/2-1/2


[Site "https://www.chess.com"]

[Event "Titled Tuesday Blitz June 13 Early 2023"]
[White "Itkis, Boris"]
[Black "Timerkhanov, Alexander"]
[WhiteFideId "1209167"]
[BlackFideId "24177938"]
[WhiteElo "2219"]
[BlackElo "2278"]
[Result "1/2-1/2"]
[Round "7"]
[TimeControl "180+2"]
[Date "2023.06.13"]
[WhiteClock "0:00:20"]
[BlackClock "0:00:25"]
[Board "60"]

1. c4 Nf6 2. Nf3 c6 3. g3 d5 4. Bg2 g6 5. b3 Bg7 6. Bb2 O-O 7. O-O a5 8. a4 Na6 9. Na3 Nb4 10. d4 Ne4 11. Rc1 Bf5 12. Nd2 Nxd2 13. Qxd2 Qd7 14. cxd5 cxd5 15. Rc5 b6 16. Rc3 Bh3 17. Nb5 Bxg2 18. Kxg2 Rfc8 19. Rfc1 e6 20. Rc7 Rxc7 21. Rxc7 Qd8 22. Ba3 Bf8 23. Bxb4 Bxb4 24. Qc2 h5 25. h4 Rb8 26. e3 Qf6 27. f4 Qd8 28. Kf3 Bf8 29. Na7 Bd6 30. Rc8 Rxc8 31. Qxc8 Qxc8 32. Nxc8 Bc7 33. Na7 Kf8 34. Nb5 Bb8 35. e4 dxe4+ 36. Kxe4 Ke7 37. d5 f6 38. Nd4 exd5+ 39. Kxd5 Kd7 40. Nb5 g5 41. fxg5 fxg5 42. hxg5 Bxg3 43. Ke4 Ke6 44. Nd4+ Kf7 45. Kf5 h4 46. g6+ Kg8 47. Kg4 Kg7 48. Nf5+ Kxg6 49. Nxg3 hxg3 50. Kxg3 Kf5 51. Kf3 Ke5 52. Ke3 Kd5 53. Kd3 Kc5 54. Kc3 b5 55. axb5 Kxb5 56. Kc2 Kb4 57. Kb2 a4 58. bxa4 Kxa4 1/2-1/2


[Site "https://www.chess.com"]

[Event "Titled Tuesday Blitz June 13 Early 2023"]
[White "Jaracz, Pawel"]
[Black "Levitan, Caleb Levi"]
[WhiteFideId "1102222"]
[BlackFideId "14332620"]
[WhiteElo "2454"]
[BlackElo "1963"]
[Result "1/2-1/2"]
[Round "7"]
[TimeControl "180+2"]
[Date "2023.06.13"]
[WhiteClock "0:00:28"]
[BlackClock "0:00:06"]
[Board "61"]

1. Nf3 d5 2. c4 e6 3. g3 Nf6 4. Bg2 dxc4 5. O-O Be7 6. Qa4+ Nbd7 7. Qxc4 a6 8. Qc2 Rb8 9. b3 b5 10. Bb2 Bb7 11. d3 O-O 12. Nbd2 c5 13. a4 Qb6 14. Rfc1 Rfc8 15. Ne5 Bxg2 16. Kxg2 Nxe5 17. Bxe5 Ra8 18. axb5 axb5 19. Rxa8 Rxa8 20. Bxf6 gxf6 21. Ne4 Rc8 22. Qb2 f5 23. Nf6+ Bxf6 24. Qxf6 Qc6+ 25. f3 Qd5 26. Rc3 c4 27. bxc4 bxc4 28. Qh4 Qe5 29. Rc2 c3 30. Qg5+ Kh8 31. Qf4 Qa5 32. Qd4+ Kg8 33. h4 Qa1 34. Kf2 Qh1 35. Rxc3 Qh2+ 36. Ke1 Qxg3+ 37. Kd2 Rxc3 38. Qd8+ Kg7 39. Kxc3 Qe1+ 40. Kc4 Qxe2 41. Qg5+ Kf8 42. Qd8+ Kg7 43. Qg5+ Kf8 44. Qd8+ Kg7 1/2-1/2


[Site "https://www.chess.com"]

[Event "Titled Tuesday Blitz June 13 Early 2023"]
[White "Garrido, Denis"]
[Black "Molina, Roberto Junio Brito"]
[WhiteFideId "601217"]
[BlackFideId "2109450"]
[WhiteElo "2362"]
[BlackElo "2376"]
[Result "0-1"]
[Round "7"]
[TimeControl "180+2"]
[Date "2023.06.13"]
[WhiteClock "0:00:11"]
[BlackClock "0:00:49"]
[Board "62"]

1. e4 c6 2. d4 d5 3. e5 Bf5 4. h4 Qb6 5. Nc3 h6 6. a3 e6 7. Be3 Qxb2 8. Nge2 Bxc2 9. Qc1 Qxc1+ 10. Rxc1 Bd3 11. Nf4 Bxf1 12. Kxf1 Nd7 13. Rb1 O-O-O 14. a4 Nb6 15. a5 Nc4 16. a6 b6 17. Ke2 Kc7 18. Rhc1 Ne7 19. g4 g6 20. h5 g5 21. Nd3 Rg8 22. f3 Nc8 23. Ne4 Ba3 24. Nf6 Bxc1 25. Bxc1 Rh8 26. f4 gxf4 27. Bxf4 Ne7 28. g5 hxg5 29. Bxg5 Nf5 0-1


[Site "https://www.chess.com"]

[Event "Titled Tuesday Blitz June 13 Early 2023"]
[White "Miladinovic, Igor"]
[Black "Czerw, Dawid"]
[WhiteFideId "4203380"]
[BlackFideId "1145746"]
[WhiteElo "2568"]
[BlackElo "2144"]
[Result "1-0"]
[Round "7"]
[TimeControl "180+2"]
[Date "2023.06.13"]
[WhiteClock "0:00:13"]
[BlackClock "0:00:00"]
[Board "63"]

1. d4 d5 2. Bf4 Nf6 3. e3 c5 4. dxc5 Nc6 5. Nc3 e5 6. Bg5 Be6 7. Nf3 Bxc5 8. Bb5 h6 9. Bh4 Qd6 10. Bg3 Nd7 11. Bxc6 bxc6 12. Nxe5 Nxe5 13. Qh5 Qb8 14. Bxe5 Qb4 15. a3 Qb7 16. O-O O-O 17. b4 Be7 18. Qf3 f6 19. Bd4 a5 20. Rab1 axb4 21. axb4 Ra3 22. Ne2 Rfa8 23. Nf4 Bf7 24. Nd3 Ra2 25. Bc5 Bd8 26. Rfc1 Bg6 27. Qg3 Be4 28. Nf4 Bc7 29. Bd4 Bxf4 30. exf4 Bxc2 31. Ra1 Rxa1 32. Bxa1 Rxa1 33. Rxa1 Qxb4 34. h3 Kh7 35. Rc1 Ba4 36. Qc3 Qxc3 37. Rxc3 Bb5 38. f5 Kg8 39. f4 Kf7 40. Kf2 Ke7 41. Ke3 Kd6 42. Kd4 Bc4 43. Rc1 c5+ 44. Kc3 Bb5 45. g4 d4+ 46. Kb3 Kd5 47. Re1 c4+ 48. Kb4 Bc6 49. Re7 d3 50. Kc3 Ba4 51. Rxg7 Ke4 52. Re7+ Kxf4 53. Re6 1-0


[Site "https://www.chess.com"]

[Event "Titled Tuesday Blitz June 13 Early 2023"]
[White "Weetik, Vjacheslav"]
[Black "Skliarov, Viktor"]
[WhiteFideId "4153472"]
[BlackFideId "14106736"]
[WhiteElo "2469"]
[BlackElo "2317"]
[Result "1-0"]
[Round "7"]
[TimeControl "180+2"]
[Date "2023.06.13"]
[WhiteClock "0:00:10"]
[BlackClock "0:00:03"]
[Board "64"]

1. d4 Nf6 2. c4 e6 3. g3 c5 4. d5 exd5 5. cxd5 b5 6. e4 Nxe4 7. Qe2 Qe7 8. Bg2 Nd6 9. Be3 Na6 10. Nh3 Rb8 11. O-O Nf5 12. d6 Qe5 13. Re1 Nxe3 14. Qd2 Qxd6 15. Qxe3+ Kd8 16. Nc3 Be7 17. Rad1 Qe6 18. Qf4 Qf6 19. Qd2 Nc7 20. Nf4 Re8 21. Nfd5 Nxd5 22. Nxd5 Qa6 23. Qf4 Bd6 24. Qxf7 1-0


[Site "https://www.chess.com"]

[Event "Titled Tuesday Blitz June 13 Early 2023"]
[White "Mendez Fortes, Eduardo Jesus"]
[Black "Csonka, Balazs"]
[WhiteFideId "3502376"]
[BlackFideId "742910"]
[WhiteElo "2307"]
[BlackElo "2404"]
[Result "1-0"]
[Round "7"]
[TimeControl "180+2"]
[Date "2023.06.13"]
[WhiteClock "0:00:11"]
[BlackClock "0:00:04"]
[Board "65"]

1. e4 c5 2. Nf3 e6 3. d4 cxd4 4. Nxd4 Nf6 5. Nc3 Qb6 6. Nb3 Bb4 7. Qe2 d5 8. Bd2 dxe4 9. a3 Bxc3 10. Bxc3 Nbd7 11. O-O-O O-O 12. g4 Qc7 13. Kb1 b6 14. Bg2 Bb7 15. g5 Nd5 16. Bd2 e3 17. fxe3 Rac8 18. Rc1 Qe5 19. h4 Nf4 20. Qf2 Nxg2 21. Rhg1 Qe4 22. Bb4 Nc5 23. Nd2 Qc6 24. Bxc5 bxc5 25. e4 c4 26. c3 Rfd8 27. Qxg2 Rd3 28. Rge1 Qd7 29. Nf3 Qd6 30. Nd4 e5 31. Nf5 Qe6 32. Qg4 g6 33. Nh6+ Kg7 34. Qg1 Rcd8 35. Rf1 R3d7 36. Qg3 Bxe4+ 37. Ka1 Qb6 38. Qxe5+ Kf8 39. Qh8+ Ke7 40. Rxf7+ Kd6 41. Qd4+ Qxd4 42. cxd4 Kd5 43. Rf4 Bd3 44. Ng4 Re8 45. Nf6+ Ke6 46. Nxe8 Ke7 47. Re1+ Kd8 48. Nf6 Rb7 49. Re8+ Kc7 50. Re7+ Kb6 51. Rxb7+ Kxb7 52. d5 1-0


[Site "https://www.chess.com"]

[Event "Titled Tuesday Blitz June 13 Early 2023"]
[White "Malyi, Viacheslav"]
[Black "Shuvalova, Polina"]
[WhiteFideId "14123983"]
[BlackFideId "24171760"]
[WhiteElo "2291"]
[BlackElo "2281"]
[Result "0-1"]
[Round "7"]
[TimeControl "180+2"]
[Date "2023.06.13"]
[WhiteClock "0:00:00"]
[BlackClock "0:00:08"]
[Board "66"]

1. e4 c6 2. c4 d5 3. exd5 cxd5 4. cxd5 Nf6 5. Qa4+ Nbd7 6. Nc3 g6 7. Bc4 Bg7 8. d3 O-O 9. Nf3 a6 10. Qa3 Qc7 11. O-O Nb6 12. Qb3 Bg4 13. Be3 Nbd7 14. d6 Qxd6 15. Ne4 Qc7 16. Rac1 Qa5 17. Bd2 Qh5 18. Ng3 Bxf3 19. Nxh5 Bxh5 20. h3 b5 21. Bd5 Nxd5 22. Qxd5 Nf6 23. Qb7 Be2 24. Rfe1 Bxd3 25. Qxe7 Bc4 26. Bc3 Nd5 27. Qa3 Nxc3 28. Rxc3 Bxc3 29. bxc3 a5 30. Qb2 a4 31. a3 Rad8 32. Re7 Rd5 33. Kh2 Rf5 34. f3 h5 35. Qd2 Rd5 36. Qe1 Rfd8 37. Re8+ Rxe8 38. Qxe8+ Kg7 39. Qe7 Rf5 40. Kg3 Rf6 41. Qd8 Re6 42. Qd4+ Kg8 43. h4 Re2 44. Qd8+ Kg7 45. Qd4+ Kg8 46. Qd6 Ra2 47. Qd8+ Kh7 48. Qd4 Rxa3 49. Kf4 Ra2 50. g4 hxg4 51. fxg4 Rh2 52. Kg3 Rh1 53. h5 Rf1 54. Kg2 gxh5 55. Kg3 hxg4 56. Qe4+ Kg7 57. Qxg4+ Kf8 58. Qc8+ Ke7 59. Qc7+ Kf6 60. Qf4+ Rxf4 0-1


[Site "https://www.chess.com"]

[Event "Titled Tuesday Blitz June 13 Early 2023"]
[White "gau_npukyputb"]
[Black "Arencibia Monduy, Antonio"]
[BlackFideId "3507939"]
[WhiteElo "2717"]
[BlackElo "2568"]
[Result "1-0"]
[Round "7"]
[TimeControl "180+2"]
[Date "2023.06.13"]
[WhiteClock "0:01:56"]
[BlackClock "0:00:00"]
[Board "67"]

1. f4 Nf6 2. d3 d5 3. Nf3 e6 4. Nbd2 Be7 5. e4 dxe4 6. dxe4 b6 7. e5 Nd5 8. Bb5+ c6 9. Bd3 Nxf4 10. Ne4 Nxd3+ 11. cxd3 Ba6 12. d4 O-O 13. h4 f5 14. exf6 Bxf6 15. Qc2 Bxd4 16. Neg5 g6 17. h5 Qf6 18. hxg6 hxg6 19. Nh7 Qg7 20. Nxf8 Kxf8 21. Bh6 Bf6 22. Qxg6 1-0


[Site "https://www.chess.com"]

[Event "Titled Tuesday Blitz June 13 Early 2023"]
[White "Jaskolka, Tomasz"]
[Black "Tristan, Leonardo"]
[WhiteFideId "1170791"]
[BlackFideId "113816"]
[WhiteElo "2155"]
[BlackElo "2461"]
[Result "1-0"]
[Round "7"]
[TimeControl "180+2"]
[Date "2023.06.13"]
[WhiteClock "0:00:08"]
[BlackClock "0:00:00"]
[Board "68"]

1. d4 d5 2. Nc3 e6 3. Bf4 Bd6 4. Bxd6 cxd6 5. e3 f5 6. Nf3 Nf6 7. Be2 O-O 8. O-O b6 9. Nd2 Bb7 10. a4 a6 11. Bd3 Nbd7 12. Qb1 Ne4 13. Ndxe4 dxe4 14. Be2 e5 15. Qa2+ Kh8 16. dxe5 dxe5 17. Rad1 Qe7 18. Nd5 Qf7 19. Bc4 b5 20. Bb3 bxa4 21. Qxa4 Nc5 22. Qb4 Nxb3 23. Qxb3 Rab8 24. Nc3 Qxb3 25. cxb3 Bc8 26. Rd5 Rxb3 27. Rxe5 Rxb2 28. h4 Rc2 29. Na4 Bd7 30. Nc5 Bb5 31. Rd1 h6 32. h5 f4 33. Ne6 fxe3 34. Nxf8 exf2+ 35. Kh2 f1=Q 36. Rxf1 Bxf1 37. Ng6+ Kh7 38. Re8 Rxg2+ 39. Kh1 Rxg6 40. hxg6+ Kxg6 41. Rxe4 Bb5 42. Kh2 Kf6 43. Kg3 g5 44. Rd4 Ke5 45. Rd8 h5 46. Rh8 Be2 47. Re8+ Kf5 48. Rxe2 h4+ 49. Kh3 Kf4 50. Rf2+ Ke3 51. Ra2 Kf3 52. Ra3+ Kf4 53. Rxa6 g4+ 54. Kxh4 g3 55. Rf6+ Ke5 56. Rg6 g2 57. Rxg2 1-0


[Site "https://www.chess.com"]

[Event "Titled Tuesday Blitz June 13 Early 2023"]
[White "Makhnev, Denis"]
[Black "Aloma Vidal, Robert"]
[WhiteFideId "13707647"]
[BlackFideId "2260409"]
[WhiteElo "2515"]
[BlackElo "2435"]
[Result "0-1"]
[Round "7"]
[TimeControl "180+2"]
[Date "2023.06.13"]
[WhiteClock "0:00:00"]
[BlackClock "0:00:12"]
[Board "69"]

1. Nf3 d5 2. c4 c6 3. cxd5 cxd5 4. d4 Nc6 5. Nc3 e6 6. Bf4 Bd6 7. Bg3 Nge7 8. e3 O-O 9. Bd3 f6 10. O-O Bxg3 11. hxg3 e5 12. dxe5 fxe5 13. Bb5 Bg4 14. Qa4 Bxf3 15. gxf3 Rxf3 16. Rad1 d4 17. Ne2 Qb6 18. exd4 exd4 19. Bxc6 Nxc6 20. Nxd4 Rf6 21. Nxc6 bxc6 22. Rd2 Kh8 23. Qd4 h6 24. Rc1 Raf8 25. Rcc2 Qa5 26. b4 Qh5 27. Rc3 a6 28. Kg2 Rf5 29. Qe4 Rd5 30. Rxd5 cxd5 31. Qd4 Qf5 32. a4 Rf6 33. b5 axb5 34. axb5 Qe6 35. Re3 Qd7 36. b6 Qb7 37. Re8+ Kh7 38. Qd3+ g6 39. Qd4 Kg7 40. Rd8 Kf7 41. Rxd5 Rxb6 0-1


[Site "https://www.chess.com"]